[ AOE2 MATCH · #505924413 ]
UnrankedPoles vs Berbers
Player's team · WIN
Rival team · LOSS
[ REPLAY ANALYSIS · EXTRACTED FROM THE RECORDED GAME ]
Feudal
—
Castle
—
Imperial
—
| APM avg | 38.4 |
| APM peak | 59 |
| eAPM avg | 24.3 |
| Villagers / military | 21 / 0 |
Focus
⚔️ 34.9% · 🌾 65.1%
Feudal
—
Castle
—
Imperial
—
| APM avg | 26.6 |
| APM peak | 37 |
| eAPM avg | 13.4 |
| Villagers / military | 9 / 0 |
Focus
⚔️ 36.2% · 🌾 63.8%
Match map
Initial resources + every placement click. Lines = walls · curves = elevation contours. ◆ gold · ⬟ stone · ● berries · ✦ relic · ◌ wall gap
Your base
JadeArrowGamer's base
Smoothed initial terrain · ◌ = detected wall gap · hover for details
Inputs per minute
— ilovebaskets - - JadeArrowGamer
Build order — ilovebaskets
25 actions detected in the replay
| 0:01 | Create | Villager (Male) |
| 0:02 | Create | Villager (Male) |
| 0:02 | Create | Villager (Male) |
| 0:02 | Create | Villager (Male) |
| 0:04 | Build | House |
| 0:05 | Build | House |
| 0:44 | Research | Loom |
| 1:19 | Create | Villager (Male) |
| 1:19 | Create | Villager (Male) |
| 1:46 | Create | Villager (Male) |
| 2:15 | Create | Villager (Male) |
| 2:45 | Create | Villager (Male) |
| 3:02 | Create | Villager (Male) |
| 3:30 | Create | Villager (Male) |
| 4:49 | Create | Villager (Male) |
| 5:12 | Create | Villager (Male) |
| 5:23 | Create | Villager (Male) |
| 5:45 | Create | Villager (Male) |
| 5:45 | Create | Villager (Male) |
| 5:56 | Create | Villager (Male) |
| 5:56 | Create | Villager (Male) |
| 6:01 | Create | Villager (Male) |
| 6:16 | Create | Villager (Male) |
| 6:20 | Build | House |
| 6:49 | Create | Villager (Male) |
Build order — JadeArrowGamer
9 actions detected in the replay
| 0:02 | Create | Villager (Male) ×4 |
| 0:04 | Build | House |
| 0:06 | Build | House |
| 0:48 | Research | Loom |
| 1:58 | Create | Villager (Male) |
| 3:28 | Create | Villager (Male) |
| 5:08 | Create | Villager (Male) |
| 5:46 | Create | Villager (Male) |
| 6:30 | Create | Villager (Male) |
Match timeline
| 6:57 | JadeArrowGamer · resign |
[ AI ANALYSIS · 1 CREDIT ]
What really happened in this match?
Wolo.gg analyzes every decision: build order, eco, micro, common mistakes by bracket. Personalized analysis on WhatsApp or Discord in 30 seconds.
Civ guide
Poles
Perfil
ilovebaskets